 Dungeon Crawl Stone Soup version 0.28.0-43-g3370ac3207 (webtiles) character file.

Game seed: 15912949406693891265

2613 mortz the Vandal (level 9, -11/59 HPs)
             Began as an Octopode Conjurer on Mar 27, 2022.
             Was a Follower of Vehumet.
             Mangled by a seven-headed hydra (13 damage)
             ... on level 7 of the Dungeon.
             The game lasted 00:44:46 (9502 turns).

mortz the Vandal (Octopode Conjurer)                Turns: 9502, Time: 00:44:46

Health: -11/59     AC:  4    Str:  6    XL:     9   Next: 60%
Magic:  11/16      EV: 14    Int: 28    God:    Vehumet [*.....]
Gold:   363        SH:  5    Dex: 11    Spells: 9/17 levels left

rFire   . . .      SeeInvis +   S - +6 trident of Ascent {freeze, rN+ Int+2 SInv, polearm}
rCold   . . .      Faith    .   (no shield)
rNeg    + . .      Spirit   .   P - +3 crown of Dyrovepreva {rElec Int+2 SInv}
rPois   .          Reflect  +   b - amulet of reflection
rElec   +          Harm     .   (no ring)
rCorr   .          Rampage  .   (no ring)
Will    .....                   (no ring)
Stlth   ++++......              (no ring)
HPRegen 0.19/turn               (no ring)
MPRegen 0.15/turn               (no ring)
                                (no ring)
                                (no ring)

@: no status effects
A: almost no armour, amphibious, 8 rings, camouflage 1, gelatinous body 1,
(nimble swimmer 1), tentacles
a: Renounce Religion


You were on level 7 of the Dungeon.
You worshipped Vehumet.
Vehumet was aware of your devotion.
You visited 2 branches of the dungeon, and saw 8 of its levels.
You also visited: Sewer.

You collected 363 gold pieces.


Innate Abilities, Weirdness & Mutations

You cannot wear most types of armour.
You are amphibious.
You can wear up to eight rings at the same time.
Your skin changes colour to match your surroundings (Stealth+).
Your rubbery body absorbs attacks. (AC +1, EV +1)
((You are camouflaged when in or above water. (Stealth+)))
You have tentacles for arms and can constrict up to eight enemies at once.


   Skills:
 + Level 4.4 Fighting
 + Level 2.6 Short Blades
 * Level 2.2 Polearms
 - Level 7.1 Slings
 + Level 3.9 Dodging
 + Level 4.8 Stealth
 + Level 1.6 Shields
 * Level 4.9 Spellcasting
 * Level 6.4 Conjurations


You had 9 spell levels left.
You knew the following spells:

 Your Spells              Type           Power      Damage    Failure   Level
a - Magic Dart            Conj           100%       1d8       1%          1
b - Searing Ray           Conj           84%        2d7       1%          2
c - Iskenderun's Mystic   Conj/Tloc      24%        2d7       19%         4
d - Shock                 Conj/Air       100%       1d9       1%          1

Your spell library contained the following spells:

 Spells                   Type           Power      Damage    Failure   Level
 Freeze                   Ice            24%        1d5       7%          1
 Dazzling Flash           Conj/Hex       48%        N/A       5%          3
 Beastly Appendage        Tmut           12%        N/A       7%          1
 Corpse Rot               Necr/Air       14%        N/A       10%         2
 Wereblood                Tmut           6%         N/A       11%         2
 Fulminant Prism          Conj/Hex       12%        3d9       19%         4
 Spider Form              Tmut/Pois      6%         N/A       21%         3
 Swiftness                Air            7%         N/A       21%         3
 Airstrike                Air            3%         N/A       54%         4
 Dispel Undead            Necr           6%         3d8       56%         4
 Death Channel            Necr           3%         N/A       100%        6

Inventory:

Hand Weapons
 a - a +0 flail {mace}
   (You found it on level 1 of the Dungeon)
 r - a +1 vorpal spear {polearm}
   (You took it off a gnoll on level 2 of the Dungeon)
 s - a +3 short sword {short}
   (You took it off a kobold on level 2 of the Dungeon)
 t - the +4 hunting sling of Bynamp {venom, rElec rPois rF+, sling}
   (You found it on level 2 of the Dungeon)

   Any ammunition fired from it poisons the flesh of those it strikes.
   rF:        It protects you from fire.
   rElec:     It insulates you from electricity.
   rPois:     It protects you from poison.
 B - a +0 war axe {axe}
   (You took it off an orc on level 4 of the Dungeon)
 C - a +0 falchion {long}
   (You took it off an orc on level 4 of the Dungeon)
 O - a +3 dagger {short}
   (You found it in a sewer)
 S - the +6 trident of Ascent (weapon) {freeze, rN+ Int+2 SInv, polearm}
   (You found it on level 6 of the Dungeon)

   It freezes those it strikes, dealing additional cold damage.
   It can also slow down cold-blooded creatures.
   Int:       It affects your intelligence (+2).
   rN:        It protects you from negative energy.
   SInv:      It lets you see invisible.
 T - a +1 short sword of freezing {short}
   (You took it off an orc priest on level 6 of the Dungeon)
 U - a +2 rapier of venom {short}
   (You found it on level 6 of the Dungeon)
Missiles
 g - 234 stones {throwing}
 w - 4 silver javelins {throwing}
 x - 7 poisoned darts {throwing}
 y - 69 bolts
 A - a boomerang {throwing}
 J - 64 arrows
Armour
 P - the +3 crown of Dyrovepreva (worn) {rElec Int+2 SInv}
   (You found it on level 6 of the Dungeon)

   Int:       It affects your intelligence (+2).
   rElec:     It insulates you from electricity.
   SInv:      It lets you see invisible.
Jewellery
 b - an amulet of reflection (around mantle)
   (You found it on level 1 of the Dungeon)
 f - an amulet of faith {!P}
   (You found it on level 1 of the Dungeon)
 m - a ring of fire
   (You found it on level 2 of the Dungeon)
Wands
 h - a wand of iceblast (11)
   (You took it off an orc on level 5 of the Dungeon)
 i - a wand of paralysis (11)
   (You found it on level 5 of the Dungeon)
Scrolls
 d - 2 scrolls of brand weapon {unknown}
 e - a scroll of vulnerability {unknown}
 k - 2 scrolls of identify {unknown}
 l - 2 scrolls of enchant armour {unknown}
 q - 2 scrolls of fear {unknown}
 u - 4 scrolls of magic mapping {unknown}
 v - a scroll of torment {unknown}
 D - a scroll of fog {unknown}
 F - a scroll of silence {unknown}
 H - 3 scrolls of teleportation {unknown}
 I - 2 scrolls of holy word {unknown}
 M - a scroll of summoning {unknown}
 N - a scroll of noise {unknown}
 V - a scroll of immolation {unknown}
Potions
 c - 2 potions of haste {@q3}
 j - a potion of brilliance {unknown}
 n - a potion of berserk rage {unknown}
 o - 3 potions of mutation {unknown}
 p - a potion of heal wounds {unknown}
 z - a potion of attraction {unknown}
 E - 3 potions of flight
 G - a potion of lignification {unknown}
 K - 3 potions of degeneration {unknown}
 L - a potion of magic {unknown}
 Q - 2 potions of curing {@q1}
 R - a potion of experience {unknown}

Dungeon Overview and Level Annotations

Branches:
Dungeon (7/15)             Temple (1/1) D:5           Sewer (visited)

Altars:
Ashenzari
Cheibriados
Dithmenos
Elyvilon
Fedhas
Gozag
Hepliaklqana
Kikubaaqudgha
Makhleb
Nemelex Xobeh
Okawaru
Trog
Vehumet
Wu Jian
Yredelemnul
Zin
The Shining One

Shops:
D:6 :

Annotations:
D:4 1 runed translucent door

###..##...########
#..##...##.....#
#......>......##
+.......##....#
#..##...##....##
#..##...##.....#
....#...........#
.....#...........#
)....#..........@#
.....#....##...D##
.#
##...####'###..##
.###...##..........
...................
...................
...................
...................
.#####'##....###..#


You could see a seven-headed hydra.


Message History

You kill the water moccasin!
Vehumet accepts your kill.
You feel very sick. 😮 HP[-3]
You take 3 damage, and now have 35/59 hp.
You start resting.
You feel sick. x7
You are no longer poisoned. 😮 HP[-1] MP[+7]
You take 1 damage, and now have 34/59 hp.
Your mp is fully restored (16).
You start resting. 😎 HP[+25]
Your hp is fully restored (59).
You now have 363 gold pieces (gained 15).
You open the door.
A seven-headed hydra comes into view.
Okay, then.
Aiming: Magic Dart (safe; 1% risk of failure)
Press: ? - help, Q - select action, (/) - cycle Shift-Dir - straight line, f - seven-headed hydra
Aim: a seven-headed hydra (asleep, 100% to hit)
Okay, then.
Unknown command.
Casting: Magic Dart (safe; 1% risk of failure)
Confirm with . or Enter, or press ? or * to list all spells.
Okay, then.
Casting: Magic Dart (safe; 1% risk of failure)
Confirm with . or Enter, or press ? or * to list all spells.
Aiming: Shock (safe; 1% risk of failure)
Press: ? - help, Shift-Dir - straight line, f - seven-headed hydra
Aim: a seven-headed hydra (asleep, 100% to hit)
The zap hits the seven-headed hydra.
The seven-headed hydra roars! 😎 MP[-1]
You lost 1 mp, and now have 15/16 mp.
Casting: Shock (safe; 1% risk of failure)
Confirm with . or Enter, or press ? or * to list all spells.
Okay, then.
Aiming: Magic Dart (safe; 1% risk of failure)
Press: ? - help, Q - select action, (/) - cycle Shift-Dir - straight line, f/p - seven-headed hydra
Aim: a seven-headed hydra (lightly wounded, 100% to hit)
The magic dart hits the seven-headed hydra! 😎 MP[-1]
You lost 1 mp, and now have 14/16 mp.
Casting: Magic Dart (safe; 1% risk of failure)
Confirm with . or Enter, or press ? or * to list all spells.
Aiming: Searing Ray (safe; 1% risk of failure)
Press: ? - help, Shift-Dir - straight line, f/p - seven-headed hydra
Aim: a seven-headed hydra (lightly wounded, 94% to hit)
The searing ray hits the seven-headed hydra! (Press . to maintain the ray.) 😎 MP[-2]
You lost 2 mp, and now have 12/16 mp.
The searing ray hits the seven-headed hydra. 😎 MP[-1]
You lost 1 mp, and now have 11/16 mp.
The searing ray hits the seven-headed hydra! 😎 MP[-1]
You lost 1 mp, and now have 10/16 mp.
The searing ray hits the seven-headed hydra!
You finish channelling your searing ray.
You block the seven-headed hydra's attack.
The seven-headed hydra bites you!
The seven-headed hydra closely misses you. x2
The seven-headed hydra barely misses you.
The seven-headed hydra bites you!
You block the seven-headed hydra's attack. 😮 HP[-22] MP[-1]
You take 22 damage, and now have 37/59 hp.
MASSIVE DAMAGE!! (PAUSE)
You lost 1 mp, and now have 9/16 mp.
You hit the seven-headed hydra. You freeze the seven-headed hydra.
You tentacle-slap the seven-headed hydra.
The seven-headed hydra closely misses you.
You block the seven-headed hydra's attack.
The seven-headed hydra barely misses you.
The seven-headed hydra closely misses you.
The seven-headed hydra bites you!
* * * LOW HITPOINT WARNING * * *
The seven-headed hydra completely misses you.
The seven-headed hydra bites you.
* * * LOW HITPOINT WARNING * * *
The seven-headed hydra closely misses you.
The seven-headed hydra bites you!
* * * LOW HITPOINT WARNING * * *
The seven-headed hydra bites you!
* * * LOW HITPOINT WARNING * * *
The seven-headed hydra bites you!
* * * LOW HITPOINT WARNING * * *
The seven-headed hydra misses you.
You block the seven-headed hydra's attack.
The seven-headed hydra completely misses you. 😱 HP[-36] MP[+1]
You take 36 damage, and now have 1/59 hp.
MASSIVE DAMAGE!! (PAUSE) 😱 HP[+1]
There is an open door here.
There is a stone staircase leading up here. 😱 MP[+1]
The seven-headed hydra bites you!
You die...

Skill      XL: |  1  2  3  4  5  6  7  8  9 |
---------------+----------------------------+-----
Stealth        | 3 4 |  4.8
Conjurations   | 5 6 |  6.4
Slings         | 2 3 4 6 7 |  7.1
Fighting       | 1 2 3 4 |  4.4
Short Blades   | 1 2 |  2.6
Shields        | 1 |  1.6
Dodging        | 3 |  3.9
Spellcasting   | 3 4 |  4.9
Polearms       | 2 |  2.2

Action                   |  1- 3 |  4- 6 |  7- 9 || total
-------------------------+-------+-------+-------++-------
Melee: Flail             |     4 |       |       ||     4
       Spear             |       |     6 |       ||     6
       Constrict         |       |     1 |     5 ||     6
       Hunting sling     |       |       |     2 ||     2
       Tentacles         |       |       |     8 ||     8
       Trident           |       |       |    25 ||    25
       Punch             |       |       |     2 ||     2
 Fire: Hunting sling     |       |    84 |   102 ||   186
 Cast: Magic Dart        |    60 |     9 |    15 ||    84
       Searing Ray       |     5 |    26 |    46 ||    77
       Shock             |       |       |     4 ||     4
  Use: Potion            |       |       |     5 ||     5
Armor: Skin              |       |    16 |    13 ||    29
Dodge: Dodged            |     2 |    43 |    65 ||   110
Block: Other             |     1 |    17 |    24 ||    42

Levels and vault maps discovered:
D:1:      pf_arrival_petrified_forest, layout_basic, serial_park_tiny_2
D:2:      layout_loops_ring, basic_altar,
          shapermc_ecumenical_altar_totnotflames, minmay_crystal_water,
          corexii_hall_statues_x, serial_park_tiny_1
D:3:      layout_loops_cross, minitemple, serial_glass, glass_columns_a,
          glass_columns_a
D:4:      layout_loops_ring, dk_yredelemnul_ordeal, hangedman_decor_growths,
          kennysheep_path_1, st_stairs_10, goddamned_bats
D:5:      layout_basic, fedhas_altar_1, minmay_temple_entry_waves,
          minmay_joined_circles
D:6:      layout_basic, nicolae_overflow_crystal_walls, lemuel_crystal_altar,
          gup_sewer_entry_spiral, nicolae_ossuary_entry_false_entrances,
          serial_shops, kennysheep_little_box
D:7:      layout_gridville
Temple:   jpeg_temple_alley_garden

Notes
Turn   | Place    | Note
-------+----------+-------------------------------------------
     0 | D:1      | mortz the Octopode Conjurer began the quest for the Orb.
     0 | D:1      | Reached XP level 1. HP: 11/11 MP: 3/3
     0 | D:1      | magus.rc [v1.9.6]
   356 | D:1      | Reached XP level 2. HP: 10/17 MP: 1/5
   590 | D:1      | Learned a level 2 spell: Searing Ray
   602 | D:1      | Reached skill level 3 in Stealth
   784 | D:1      | You pick up a book of Decay and begin reading...
   784 | D:1      | You add the spells Corpse Rot, Dispel Undead and Death
                  | Channel to your library.
  1270 | D:1      | Reached XP level 3. HP: 21/21 MP: 3/6
  1397 | D:2      | Found a glowing golden altar of the Shining One.
  1558 | D:2      | Found a faded altar of an unknown god.
  2104 | D:2      | Reached XP level 4. HP: 27/27 MP: 1/7
  2520 | D:2      | Reached skill level 5 in Conjurations
  2744 | D:2      | Identified the +4 hunting sling of Bynamp {venom, rElec
                  | rPois rF+}
  2935 | D:3      | Found a burning altar of Makhleb.
  2936 | D:3      | Found a sparkling altar of Nemelex Xobeh.
  3463 | D:3      | Reached XP level 5. HP: 31/31 MP: 0/9
  3729 | D:4      | Found a runed translucent door.
  3729 | D:4      | Noticed a human
  3731 | D:4      | Found a basalt altar of Yredelemnul.
  3812 | D:4      | Reached skill level 1 in Slings
  4079 | D:4      | Noticed an ice beast
  4087 | D:4      | Killed an ice beast
  4088 | D:4      | Reached skill level 1 in Fighting
  4088 | D:4      | Reached skill level 1 in Short Blades
  4088 | D:4      | Reached skill level 2 in Slings
  4088 | D:4      | Reached XP level 6. HP: 38/38 MP: 2/10
  4645 | D:4      | Reached skill level 3 in Slings
  4645 | D:4      | Reached skill level 4 in Stealth
  4940 | D:5      | Entered Level 5 of the Dungeon
  4946 | D:5      | Learned a level 4 spell: Iskenderun's Mystic Blast
  4959 | D:5      | Reached skill level 2 in Short Blades
  4959 | D:5      | Reached XP level 7. HP: 43/43 MP: 11/11
  4969 | D:5      | Reached skill level 1 in Shields
  4986 | D:5      | Reached skill level 2 in Fighting
  4986 | D:5      | Reached skill level 4 in Slings
  5090 | D:5      | Reached skill level 3 in Dodging
  5133 | D:5      | HP: 11/45 [poisoned by a water moccasin]
  5136 | D:5      | HP: 5/45 [poisoned by a water moccasin]
  5392 | D:5      | Found a blossoming altar of Fedhas.
  5494 | D:5      | You pick up a book of Changes and begin reading...
  5494 | D:5      | You add the spells Beastly Appendage, Wereblood and Spider
                  | Form to your library.
  5611 | D:5      | Reached XP level 8. HP: 51/51 MP: 12/12
  5689 | D:5      | Reached skill level 5 in Slings
  5748 | D:5      | Reached skill level 3 in Spellcasting
  5824 | D:5      | Found a staircase to the Ecumenical Temple.
  5836 | Temple   | Entered the Ecumenical Temple
  5877 | Temple   | Became a worshipper of Vehumet
  6489 | D:5      | Reached skill level 3 in Fighting
  6707 | D:5      | You pick up a book of Air and begin reading...
  6707 | D:5      | You add the spells Shock, Swiftness and Airstrike to your
                  | library.
  6710 | D:5      | Learned a level 1 spell: Shock
  6967 | D:5      | Reached skill level 6 in Slings
  7345 | D:6      | Found a glowing drain.
  7349 | Sewer    | Entered a sewer
  7579 | D:6      | Found a sand-covered staircase.
  7626 | D:6      | Found the +3 crown of Dyrovepreva {rElec Int+2 SInv}
  7642 | D:6      | HP: 10/52 [sky beast (4)]
  7652 | D:6      | HP: 8/52 [sky beast (3)]
  7653 | D:6      | Reached * piety under Vehumet
  7653 | D:6      | Offered knowledge of Freeze by Vehumet.
  7654 | D:6      | Reached XP level 9. HP: 7/57 MP: 2/14
  8002 | D:6      | Found a broken altar of Ashenzari.
  8059 | D:6      | Reached skill level 7 in Slings
  8059 | D:6      | Reached skill level 4 in Spellcasting
  8117 | D:6      | Identified the +6 trident of Ascent {freeze, rN+ Int+2
                  | SInv}
  8194 | D:6      | Reached skill level 6 in Conjurations
  8258 | D:6      | Reached skill level 4 in Fighting
  8374 | D:6      | Reached skill level 1 in Polearms
  8464 | D:6      | Found a white marble altar of Elyvilon.
  8464 | D:6      | You fall into a shaft and drop 1 floor!
  8913 | D:6      | Found Nuguil's Book Emporium.
  9160 | D:6      | Reached skill level 2 in Polearms
  9487 | D:7      | Noticed a seven-headed hydra
  9494 | D:7      | HP: 10/59 [seven-headed hydra (8)]
  9494 | D:7      | HP: 1/59 [seven-headed hydra (9)]
  9502 | D:7      | Mangled by a seven-headed hydra

Vanquished Creatures
  6 water moccasins
  2 orc warriors (D:6)
  2 necrophages (D:6)
  2 ice beasts
  3 sky beasts
  An ogre (D:5)
  A phantom (D:5)
  A howler monkey (D:5)
  A vampire bat (D:4)
  A bullfrog zombie (D:5)
  A centaur zombie (D:5)
  3 centaur skeletons
  5 hounds
  A bullfrog skeleton (D:5)
  2 iguanas
  2 orc priests (D:6)
  2 orc wizards
  15 gnolls
  8 adders
  A howler monkey skeleton (D:5)
  A shadow imp (D:4)
  A white imp (D:6)
  An adder zombie (D:5)
  An adder skeleton (D:4)
  5 worms
  3 dart slugs
  3 fire bats (D:4)
  14 orcs
  2 spectral bats (D:4)
  17 bats
  3 bat skeletons (D:4)
  A bat zombie (D:4)
  6 endoplasms
  3 giant cockroaches
  10 goblins
  A hobgoblin (D:4)
  5 jackals
  5 kobolds
  3 quokkas
  5 ball pythons
  A bat simulacrum (D:4)
  A jackal zombie (D:4)
  6 rats
158 creatures vanquished.

Table legend:
 A = Non-vault XP
 B = Vault XP
 C = Vault XP percentage of total XP
 D = Non-vault monster count
 E = Vault monster count
 F = Vault count percentage of total count
                 A         B        C        D         E       F
            +---------+---------+-------+---------+---------+-------
      Total |    2709 |    1025 |  27.5 |     114 |      44 |  27.8
            +---------+---------+-------+---------+---------+-------
        D:1 |      34 |       0 |   0.0 |      18 |       0 |   0.0
        D:2 |     111 |       0 |   0.0 |      20 |       0 |   0.0
        D:3 |      25 |       0 |   0.0 |       9 |       0 |   0.0
        D:4 |     185 |     235 |  56.0 |      17 |      24 |  58.5
        D:5 |     878 |     625 |  41.6 |      21 |      11 |  34.4
        D:6 |    1130 |      14 |   1.2 |      25 |       5 |  16.7
        D:7 |     346 |       0 |   0.0 |       4 |       0 |   0.0
      Sewer |       0 |     151 | 100.0 |       0 |       4 | 100.0
            +---------+---------+-------+---------+---------+-------

Illustrated notes

Table legend:
 A = Kills in this place as a percentage of kills in entire the game.
 B = Kills by you in this place as a percentage of kills by you in the entire game.
 C = Kills by friends in this place as a percentage of kills by friends in the entire game.
 D = Other kills in this place as a percentage of other kills in the entire game.
 E = Experience gained in this place as a percentage of experience gained in the entire game.
 F = Experience gained in this place divided by the number of levels of this place that you have seen.
                   A       B       C       D       E      F
               +-------+-------+-------+-------+-------+----------------------
         Total | 100.0 | 100.0 |   N/A |   N/A | 100.0 | 414.9
       Dungeon |  97.5 |  97.5 |   N/A |   N/A |  96.0 | 511.9
         Sewer |   2.5 |   2.5 |   N/A |   N/A |   4.0 | 151.0
               +-------+-------+-------+-------+-------+----------------------

Table legend: (Time is in decaauts)
 A = Elapsed time spent in this place.
 B = Non-inter-level travel time spent in this place.
 C = Inter-level travel time spent in this place.
 D = Time resting spent in this place.
 E = Time spent auto-exploring this place.
 F = Levels seen in this place.
 G = Mean time per level.
                   A        B        C        D        E       F      G
               +--------+--------+--------+--------+--------+-----+--------+
         Total |   9483 |   9185 |    298 |   1927 |   5596 |   9 | 1053.7 |
       Dungeon |   9124 |   8826 |    298 |   1927 |   5303 |   7 | 1303.4 |
        Temple |    206 |    206 |      0 |      0 |    184 |   1 |  206.0 |
         Sewer |    152 |    152 |      0 |      0 |    109 |   1 |  152.0 |
               +--------+--------+--------+--------+--------+-----+--------+

Top non-repeatable levels by time:
     D:5: 2336 daAuts
     D:1: 1741 daAuts
     D:6: 1409 daAuts
     D:4: 1318 daAuts
     D:2: 1091 daAuts
     D:3: 800 daAuts
     D:7: 425 daAuts
  Temple: 206 daAuts
   Sewer: 152 daAuts
